 Dungeon Crawl Stone Soup version 0.30.0-29-ga12c61a403 (webtiles) character file.

Game seed: 9778422153761740468

893 ChadusMaximus the Summoner (level 8, -7/52 HPs)
             Began as a Barachi Summoner on June 24, 2023.
             Shot with an arrow by a centaur (10 damage)
             ... on level 5 of the Dungeon.
             The game lasted 00:07:06 (6132 turns).

ChadusMaximus the Summoner (Barachi Summoner)       Turns: 6132, Time: 00:07:07

Health: -7/52      AC:  2    Str: 11    XL:     8   Next: 6%
Magic:  13/16      EV: 15    Int: 17    God:
Gold:   277        SH:  0    Dex: 18    Spells: 12/18 levels left

rFire   + . .        t - +0 short sword (speed)
rCold   + . .        (no shield)
rNeg    . . .        a - +0 robe
rPois   .            (no helmet)
rElec   .            l - scarf {rC+ rF+}
rCorr   .            (no gloves)
SInv    .            (no boots)
Will    .....        (no amulet)
Stlth   ++           h - +6 ring of dexterity
HPRegen 0.28/turn    (no ring)
MPRegen 0.15/turn

%: no passive effects
@: unable to hop, slow
A: amphibious, slowness 1, strong legs 1, +LOS
a: Hop


You were on level 5 of the Dungeon.
You visited 2 branches of the dungeon, and saw 7 of its levels.

You collected 277 gold pieces.

Inventory:

Hand Weapons
 f - a +0 club
 g - a +1 dagger of protection
 n - a +0 short sword
 t - a +0 short sword of speed (weapon)
Armour
 a - a +0 robe (worn)
 l - a scarf of resistance (worn)
Jewellery
 h - a +6 ring of dexterity (left hand)
 m - a ring of willpower
 y - a +6 ring of strength
 B - a ring of poison resistance
Scrolls
 c - 2 scrolls of silence {unknown}
 d - a scroll of blinking {unknown}
 e - 3 scrolls of amnesia {unknown}
 i - a scroll of fog {unknown}
 j - a scroll of immolation {unknown}
 r - 4 scrolls of vulnerability {unknown}
 s - 2 scrolls of teleportation {unknown}
 v - a scroll of noise {unknown}
 w - 3 scrolls of identify {unknown}
 C - 3 scrolls of magic mapping {unknown}
Potions
 b - 3 potions of magic
 k - a potion of degeneration {unknown}
 o - 2 potions of ambrosia {unknown}
 p - a potion of lignification {unknown}
 q - a potion of might {unknown}
 u - 2 potions of flight {unknown}
 z - a potion of haste {unknown}
 A - a potion of attraction {unknown}
 D - a potion of curing {unknown}


   Skills:
 - Level 5.2 Dodging
 - Level 2.3 Stealth
 + Level 5.7 Spellcasting
 + Level 8.0 Summonings


You had 12 spell levels left.
You knew the following spells:

 Your Spells              Type           Power      Damage    Failure   Level
a - Summon Small Mammal   Summ           100%       N/A       1%          1
b - Call Canine Familiar  Summ           32%        N/A       1%          3
c - Call Imp              Summ           64%        N/A       1%          2

Your spell library contained the following spells:

 Spells                   Type           Power      Damage    Failure   Level
 Summon Guardian Golem    Hex/Summ       18%        N/A       8%          3
 Magic Dart               Conj           16%        1d3       13%         1
 Summon Lightning Spire   Summ/Air       18%        N/A       26%         4
 Inner Flame              Hex/Fire       4%         N/A       36%         3
 Mephitic Cloud           Conj/Pois/Air  4%         N/A       36%         3
 Vhi's Electric Charge    Tloc/Air       8%         N/A       36%         3
 Arcjolt                  Conj/Air       2%         1d12      98%         5
 Yara's Violent Unravell  Hex/Tmut       2%         3d3       98%         5
 Enfeeble                 Hex            2%         N/A       100%        7
 Maxwell's Capacitive Co  Air            2%         ∞         100%        8


Dungeon Overview and Level Annotations

Branches:
Dungeon (6/15)             Temple (1/1) D:4

Altars:
Ashenzari
Cheibriados
Dithmenos
Elyvilon
Fedhas
Gozag
Hepliaklqana
Kikubaaqudgha
Makhleb
Nemelex Xobeh
Qazlal
Ru
Sif Muna
Trog
Vehumet
Wu Jian
Xom
Zin
The Shining One

Annotations:
D:6 1 transporter


Innate Abilities, Weirdness & Mutations

You are amphibious.
You cover ground slowly.
You can hop short distances.
You have an extended range of vision and can be seen from far away.


Message History

The centaur shoots an arrow.
The arrow misses your hound. The arrow hits you!
Casting: Summon Small Mammal (safe; 1% risk of failure)
Confirm with . or Enter, or press ? or * to list all spells.
A tiny devil pulls itself out of the air.
The centaur unwields a +0 shortbow.
The centaur hits your hound. The centaur kicks your hound.
Your hound bites the centaur but does no damage.
Casting: Call Imp (safe; 1% risk of failure)
Confirm with . or Enter, or press ? or * to list all spells.
The centaur wields a +0 shortbow.
The centaur shoots an arrow.
The arrow closely misses your hound. The arrow hits you!
Your hound barely misses the centaur.
Casting: Summon Small Mammal (safe; 1% risk of failure)
Confirm with . or Enter, or press ? or * to list all spells.
The centaur shoots an arrow.
The arrow closely misses your hound. The arrow hits you!
* * * LOW HITPOINT WARNING * * *
Your hound bites the centaur.
The centaur shoots an arrow.
The arrow hits your hound!
Your hound dies!
Your hound's corpse disappears in a puff of smoke!
Hop to where?
Press: ? - help, Dir - move target Boing!
Your bat hits the centaur.
The centaur shoots an arrow.
The arrow hits your bat!
Your bat dies!
Your bat's corpse disappears in a puff of smoke!
You feel much better.
The centaur shoots an arrow.
The arrow closely misses you.
Your cerulean imp barely misses the centaur.
The centaur shoots an arrow.
The arrow hits you!
* * * LOW HITPOINT WARNING * * *
A centaur is nearby!
The centaur shoots an arrow.
The arrow hits you!
* * * LOW HITPOINT WARNING * * *
The centaur shoots an arrow.
The arrow hits your cerulean imp.
The centaur shoots an arrow.
The arrow barely misses your cerulean imp.
The arrow hits you!
You die...

.........#.........$#
.... .............#
...# .##..........#
...##..#.........##
....#.##.....#....#
......#......##)..#
....#..#...c....r.#
>...#.##......5...###
.............)##@...#
....#.##.....[....###
...#####....)....)###
...###...#..........#
........##..........##
.....##.##.....##....#
..##..###.....###....#
###.................##
#..................#


You could see a centaur (ally target), a friendly cerulean imp (summoned) and a
friendly quokka (summoned).

Vanquished Creatures
  An ogre (D:4)
  A kobold brigand (D:3)
  A scorpion (D:5)
  2 hounds (D:4)
  A gnoll (D:6)
  4 adders
  A shadow imp (D:4)
  A dart slug (D:3)
  An orc (D:4)
  4 endoplasms
  4 goblins
  6 hobgoblins
  2 jackals (D:3)
  2 quokkas (D:1)
  5 ball pythons
  3 bats
  7 kobolds
  4 rats
50 creatures vanquished.

Vanquished Creatures (collateral kills)
  A black bear (D:6)
  A centaur (D:5)
  A phantom (D:6)
  A scorpion (D:4)
  2 hounds
  An orc wizard (D:4)
  7 gnolls
  3 adders
  An ufetubus (D:6)
  A dart slug (D:5)
  2 orcs (D:4)
  2 ball pythons (D:1)
  An endoplasm (D:4)
  A giant cockroach (D:1)
  4 goblins
  3 hobgoblins
  2 jackals (D:3)
  A quokka (D:1)
  A bat (D:1)
  6 kobolds
  A rat (D:1)
  3 butterflies (D:1)
46 creatures vanquished.

Grand Total: 96 creatures vanquished

Notes
Turn   | Place    | Note
-------+----------+-------------------------------------------
     0 | D:1      | ChadusMaximus the Barachi Summoner began the quest for the
                  | Orb.
     0 | D:1      | Reached XP level 1. HP: 13/13 MP: 3/3
   190 | D:1      | Reached XP level 2. HP: 11/19 MP: 1/5
   199 | D:1      | Reached skill level 5 in Summonings
   585 | D:1      | Reached XP level 3. HP: 9/24 MP: 2/6
  1103 | D:1      | Found a faded altar of an unknown god.
  1768 | D:2      | Reached XP level 4. HP: 17/30 MP: 5/8
  2124 | D:2      | Learned a level 3 spell: Call Canine Familiar
  2127 | D:2      | Learned a level 2 spell: Call Imp
  2520 | D:3      | Noticed a kobold brigand
  2544 | D:3      | Killed a kobold brigand
  2545 | D:3      | Reached XP level 5. HP: 11/35 MP: 3/10
  3241 | D:4      | Reached skill level 6 in Summonings
  3345 | D:4      | Reached XP level 6. HP: 12/41 MP: 6/11
  3766 | D:4      | Found a staircase to the Ecumenical Temple.
  3822 | Temple   | Entered the Ecumenical Temple
  4183 | D:4      | Reached XP level 7. HP: 34/46 MP: 13/13
  4632 | D:5      | Entered Level 5 of the Dungeon
  4671 | D:4      | Reached skill level 5 in Dodging
  5219 | D:5      | Reached skill level 7 in Summonings
  5315 | D:6      | Found a transporter.
  5496 | D:6      | Reached skill level 5 in Spellcasting
  5987 | D:5      | Reached skill level 8 in Summonings
  5987 | D:5      | Reached XP level 8. HP: 23/52 MP: 9/16
  6132 | D:5      | Shot with an arrow by a centaur

Illustrated notes

Levels and vault maps discovered:
D:1:      spicycebolla_arrival_clurvy, layout_basic,
          dreamdust_ecumenical_altar_angels_and_demons,
          nicolae_kite_square_tiling_tiny, minmay_door_square
D:2:      layout_basic
D:3:      cheibrodos_thug_alley, layout_loops_corners
D:4:      layout_basic, minmay_temple_entry_tees
D:5:      layout_cave_pools, ebering_ghost_sewer_f, uniq_edmund
D:6:      gammafunk_steamed_eel, layout_basic, serial_corexii_hall,
          corexii_hall_statues_deadend, corexii_hall_statues_l
Temple:   nicolae_temple_bog_church

Skill      XL: |  1  2  3  4  5  6  7 |
---------------+----------------------+-----
Stealth        | 2 |  2.3
Summonings     | 5 6 8 |  8.0
Dodging        | 3 4 5 |  5.2
Spellcasting   | 3 4 5 |  5.7

Action                     |  1- 3 |  4- 6 |  7- 9 || total
---------------------------+-------+-------+-------++-------
  Melee: Unarmed           |    33 |       |       ||    33
         Dagger            |    59 |       |       ||    59
         Short sword       |    18 |   123 |    67 ||   208
         Punch             |       |     4 |     2 ||     6
   Cast: Summon Small Mamm |    35 |     6 |    14 ||    55
         Call Canine Famil |       |     8 |    11 ||    19
         Call Imp          |       |     6 |    11 ||    17
Ability: Hop               |     1 |     2 |     2 ||     5
    Use: Potion            |       |     1 |     1 ||     2
   Stab: Distracted        |     2 |     1 |       ||     3
         Sleeping          |       |     6 |     1 ||     7
 Armour: Robe              |    42 |    11 |     6 ||    59
  Dodge: Dodged            |   103 |    85 |    80 ||   268
